 Dungeon Crawl Stone Soup version 0.21.1-1-g345015f (webtiles) character file.

11872 rz the Protected (level 11, -27/142 (145) HPs)
             Began as a Minotaur Berserker on Apr 5, 2018.
             Was an Elder of Trog.
             Annihilated by a very large slime creature (30 damage)
             ... on level 12 of the Dungeon.
             The game lasted 00:23:12 (10927 turns).

rz the Protected (Minotaur Berserker)              Turns: 10927, Time: 00:23:13

HP:   -27/142 (145) AC: 17    Str: 29    XL:     11   Next: 55%
MP:   10/10         EV: 19    Int:  4    God:    Trog [****..]
Gold: 686           SH:  0    Dex: 11    Spells: 10/10 levels left

rFire    + . .     SeeInvis .   Q - +6 rapier "Qoophos" {venom, rF+ rC+}
rCold    + . .     Gourm    .   (no shield)
rNeg     . . .     Faith    .   F - +0 plate armour
rPois    .         Spirit   .   (helmet restricted)
rElec    .         Reflect  .   L - scarf {repulsion}
rCorr    .         Harm     .   (no gloves)
MR       ++...                  b - +1 pair of boots
Stlth    ..........             (no amulet)
HPRegen  1.33/turn              J - +4 ring of evasion
MPRegen  0.12/turn              B - +5 ring of evasion

@: berserking, regenerating, repel missiles, very quick
A: retaliatory headbutt, horns 2
a: Berserk, Trog's Hand, Brothers in Arms, Burn Spellbooks, Renounce Religion


You were on level 12 of the Dungeon.
You worshipped Trog.
Trog was greatly pleased with you.
You were near starving.

You visited 1 branch of the dungeon, and saw 12 of its levels.

You collected 686 gold pieces.

Inventory:

Hand Weapons
 g - a cursed +3 dire flail
 v - a +2 vampiric hand axe
 y - a +1 morningstar of holy wrath
 Q - the +6 rapier "Qoophos" (weapon) {venom, rF+ rC+}
   (You found it on level 8 of the Dungeon)

   It poisons the flesh of those it strikes.
   It protects you from fire.
   It protects you from cold.
Missiles
 O - 2 steel javelins (quivered)
Armour
 b - a +1 pair of boots (worn)
 F - a +0 plate armour (worn)
 L - a scarf of repulsion (worn)
Jewellery
 n - an uncursed ring of protection from cold
 B - a +5 ring of evasion (right hand)
 J - a +4 ring of evasion (left hand)
 P - an uncursed ring of fire
 V - a +3 ring of strength
 W - an uncursed ring of fire
Wands
 D - a wand of acid (13)
 H - a wand of paralysis (38)
 K - a wand of disintegration (15)
 M - a wand of random effects (41)
 R - a wand of polymorph (27)
 U - a wand of flame (32)
Scrolls
 e - a scroll of random uselessness {unknown}
 i - 6 scrolls of identify
 j - 8 scrolls of remove curse
 l - 2 scrolls of magic mapping {unknown}
 o - 3 scrolls of fog {unknown}
 p - 6 scrolls of teleportation {unknown}
 t - a scroll of noise {unknown}
 x - 2 scrolls of immolation {unknown}
 z - 3 scrolls of fear {unknown}
 E - a scroll of acquirement {unknown}
 I - 2 scrolls of blinking {unknown}
 N - 2 scrolls of amnesia {unknown}
 S - a scroll of holy word {unknown}
 X - a scroll of vulnerability {unknown}
Potions
 a - a potion of magic {unknown}
 d - 4 potions of mutation {unknown}
 f - 2 potions of ambrosia {unknown}
 h - a potion of agility {unknown}
 k - 4 potions of flight {unknown}
 m - 4 potions of curing {unknown}
 r - 5 potions of might {unknown}
 s - 2 potions of haste {unknown}
 u - 3 potions of lignification {unknown}
 w - a potion of cancellation {unknown}
 A - 6 potions of heal wounds {unknown}
 T - 10 potions of degeneration
Books
 C - a book of Debilitation

   Spells                             Type                      Level
   a - Corona                         Hexes                        1
   b - Slow                           Hexes                        2
   c - Inner Flame                    Hexes/Fire                   3
   d - Portal Projectile              Hexes/Translocation          3
   e - Cause Fear                     Hexes                        4
   f - Leda's Liquefaction            Hexes/Earth                  4
   Trog disapproves of the use of such an item.
Comestibles
 c - 23 rations
 q - 7 chunks of flesh


   Skills:
 + Level 9.1 Fighting
 + Level 9.7 Short Blades
 + Level 7.8(10.2) Axes
 + Level 10.5(11.5) Maces & Flails
 + Level 11.2 Armour
 + Level 4.6 Dodging
 + Level 2.0 Stealth


You had 10 spell levels left.
You didn't know any spells.

Dungeon Overview and Level Annotations

Branches:
Dungeon (12/15)            Temple (0/1) D:4            Lair (0/6) D:8
    Orc (0/2) D:10

Altars:
Fedhas
Nemelex Xobeh
Yredelemnul

Shops:
D:4 *   D:5 !   D:7 [


Innate Abilities, Weirdness & Mutations

You reflexively headbutt those who attack you in melee.
You have a pair of horns on your head.


Message History

A red film seems to cover your vision as you go berserk!
You feel yourself moving faster!
You feel mighty!
You are near starving!
The very large slime creature hits you!!!
The bullfrog barely misses you. You furiously retaliate!
You headbutt the bullfrog.
You impale the very large slime creature!!
The very large slime creature is severely wounded.
The bullfrog barely misses you.
The very large slime creature hits you!!!
* * * LOW HITPOINT WARNING * * *
You puncture the very large slime creature!
You headbutt the very large slime creature.
The very large slime creature is almost dead.
The bullfrog hits you.
* * * LOW HITPOINT WARNING * * *
You puncture the very large slime creature!
The very large slime creature is almost dead.
The very large slime creature hits you!!
You die...

#. #.( #)#
#?# #.#
#.# #
#.######.#
#....F@J.#
#.########
#.# #.###
#...#
###.# #.#
#.# #.#


You could see a very large slime creature and a bullfrog.

Vanquished Creatures
  2 two-headed ogres
  The ghost of AceErrynx the Grappler, a novice TrBe of Trog (D:9)
  An ugly thing (D:10)
  A deep elf mage (D:8)
  Joseph (D:9)
  A komodo dragon (D:8)
  The ghost of Captinkiss the Firebug, an amateur DrFE of Sif Muna (D:6)
  A slime creature (D:12)
  3 hippogriffs
  10 yaks (D:11)
  A basilisk (D:8)
  A wyvern (D:8)
  Grum (D:9)
  A water moccasin (D:7)
  A swamp drake (D:10)
  2 sky beasts
  7 orc warriors
  An ice beast (D:4)
  A black bear (D:10)
  4 ogres
  A necrophage (D:6)
  3 wolves (D:9)
  3 big kobolds
  2 crocodiles (D:8)
  2 bullfrogs
  A wyvern zombie (D:10)
  2 scorpions
  14 killer bees (D:10)
  10 wights
  6 howler monkeys
  3 crimson imps
  A jelly (D:7)
  A quasit (D:7)
  2 centaur zombies
  A bullfrog zombie (D:10)
  3 bullfrog skeletons
  11 orc priests
  2 centaur skeletons
  6 hounds
  13 orc wizards
  Jessica (D:3)
  Terence (D:2)
  3 iguanas
  5 worker ants
  A worker ant zombie (D:11)
  Robin (D:2)
  A gnoll (D:1)
  8 adders
  A howler monkey skeleton (D:6)
  A shadow imp (D:10)
  An ooze (D:3)
  A worm (D:2)
  2 dart slugs
  4 leopard geckos
  46 orcs
  2 ball pythons
  8 giant cockroaches
  15 goblins
  8 hobgoblins
  10 jackals
  3 quokkas
  12 bats
  3 frilled lizards
  19 kobolds
  A leopard gecko skeleton (D:7)
  A quokka skeleton (D:7)
  6 rats
294 creatures vanquished.

Vanquished Creatures (others)
  A swamp drake (D:8)
1 creature vanquished.

Grand Total: 295 creatures vanquished

Notes
Turn   | Place    | Note
-------+----------+-------------------------------------------
     0 | D:1      | rz the Minotaur Berserker began the quest for the Orb.
     0 | D:1      | Reached XP level 1. HP: 19/19 MP: 0/0
   308 | D:1      | Reached XP level 2. HP: 27/27 MP: 1/1
   654 | D:1      | Reached XP level 3. HP: 33/33 MP: 2/2
  1052 | D:2      | Reached ** piety under Trog
  1434 | D:2      | Reached skill level 5 in Axes
  1568 | D:2      | Noticed Terence
  1583 | D:2      | Killed Terence
  1583 | D:2      | Reached XP level 4. HP: 36/41 MP: 3/3
  1753 | D:2      | Reached skill level 3 in Armour
  1766 | D:2      | Noticed Robin
  1788 | D:2      | Killed Robin
  1982 | D:3      | Reached XP level 5. HP: 47/47 MP: 4/4
  2183 | D:3      | Noticed Jessica
  2185 | D:3      | Reached skill level 1 in Maces & Flails
  2188 | D:3      | Killed Jessica
  2459 | D:4      | Noticed an ogre
  2466 | D:4      | Killed an ogre
  2466 | D:4      | Reached skill level 4 in Armour
  2466 | D:4      | Reached skill level 1 in Stealth
  2466 | D:4      | Reached XP level 6. HP: 55/55 MP: 5/5
  2604 | D:4      | Noticed an ice beast
  2610 | D:4      | Killed an ice beast
  2610 | D:4      | Reached skill level 5 in Fighting
  2680 | D:4      | Found Hoeph's Assorted Antiques.
  2766 | D:4      | Reached XP level 7. HP: 13/61 MP: 6/6
  3172 | D:4      | Found a staircase to the Ecumenical Temple.
  3476 | D:5      | Entered Level 5 of the Dungeon
  3480 | D:5      | Reached skill level 5 in Maces & Flails
  3690 | D:5      | Reached skill level 5 in Armour
  3773 | D:5      | Reached *** piety under Trog
  3863 | D:5      | Found Woititz's Distillery.
  4211 | D:6      | Found a basalt altar of Yredelemnul.
  4223 | D:6      | Reached XP level 8. HP: 62/70 MP: 7/7
  4649 | D:6      | Found a sparkling altar of Nemelex Xobeh.
  4826 | D:6      | Noticed Captinkiss's ghost (amateur DrFE)
  4837 | D:6      | Killed Captinkiss's ghost
  5039 | D:7      | Reached skill level 6 in Armour
  5333 | D:7      | Found Nuul's Antique Armour Shoppe.
  5476 | D:7      | Got a warped long sword
  5845 | D:7      | Found a blossoming altar of Fedhas.
  6081 | D:7      | Identified the +4 long sword "Carekowy" {speed, -Tele rC+ Int+8} (You found it on level 7 of the Dungeon)
  6312 | D:7      | Reached XP level 9. HP: 76/76 MP: 8/8
  6387 | D:8      | Noticed a deep elf mage
  6410 | D:8      | Reached skill level 7 in Armour
  6420 | D:8      | Killed a deep elf mage
  6420 | D:8      | Reached skill level 10 in Maces & Flails
  6486 | D:8      | Got a slimy rapier
  6487 | D:8      | Identified the +6 rapier "Qoophos" {venom, rF+ rC+} (You found it on level 8 of the Dungeon)
  6711 | D:8      | Noticed a komodo dragon
  6718 | D:8      | Killed a komodo dragon
  6718 | D:8      | Reached skill level 8 in Armour
  6731 | D:8      | Reached skill level 1 in Short Blades
  6869 | D:8      | Found a staircase to the Lair.
  7244 | D:9      | Reached **** piety under Trog
  7244 | D:9      | Reached XP level 10. HP: 74/84 MP: 9/9
  7584 | D:9      | Noticed a two-headed ogre
  7592 | D:9      | Killed a two-headed ogre
  7592 | D:9      | Reached skill level 9 in Armour
  7632 | D:9      | Noticed AceErrynx's ghost (novice TrBe)
  7643 | D:9      | Killed AceErrynx's ghost
  7697 | D:9      | Noticed Grum
  7708 | D:9      | Killed Grum
  7708 | D:9      | Reached skill level 5 in Short Blades
  7972 | D:9      | Noticed Joseph
  7978 | D:9      | Killed Joseph
  8259 | D:10     | Entered Level 10 of the Dungeon
  8549 | D:10     | Received a gift from Trog
  8829 | D:10     | Noticed a green ugly thing
  8835 | D:10     | Killed a green ugly thing
  8835 | D:10     | Reached skill level 10 in Armour
  9005 | D:10     | Reached XP level 11. HP: 93/93 MP: 10/10
  9278 | D:10     | Found a staircase to the Orcish Mines.
  9625 | D:11     | Noticed a two-headed ogre
  9635 | D:11     | Killed a two-headed ogre
 10685 | D:12     | Reached skill level 11 in Armour
 10925 | D:12     | HP: 5/142 [very large slime creature (55)]
 10927 | D:12     | Annihilated by a very large slime creature

Skill      XL: |  1  2  3  4  5  6  7  8  9 10 11 |
---------------+----------------------------------+-----
Axes           | 4 5 7 |  7.8
Fighting       | 4 5 6 7 8 9 |  9.1
Armour         | 3 4 5 6 8 10 11 | 11.2
Maces & Flails | 2 4 6 9 10 | 10.5
Stealth        | 1 2 |  2.0
Dodging        | 3 4 |  4.6
Short Blades   | 2 7 9 |  9.7

Action                   |  1- 3 |  4- 6 |  7- 9 | 10-12 || total
-------------------------+-------+-------+-------+-------++-------
Melee: Hand axe          |   103 |       |    39 |       ||   142
       Headbutt          |    18 |    13 |    57 |    81 ||   169
       Flail             |       |    80 |   188 |       ||   268
       Rapier            |       |       |    45 |   345 ||   390
Invok: Berserk           |     2 |     4 |     4 |    12 ||    22
       Trog's Hand       |     1 |     4 |     4 |    13 ||    22
  Use: Scroll            |       |     2 |     4 |       ||     6
  Eat: Chunk             |     3 |     9 |    14 |    20 ||    46
       Ration            |       |       |     3 |     2 ||     5
Armor: Chain mail        |    54 |    59 |   138 |       ||   251
       Animal skin       |     2 |       |       |       ||     2
       Plate armour      |       |       |    21 |   107 ||   128
Dodge: Dodged            |    45 |    42 |   164 |   298 ||   549
       Deflected         |       |       |       |     2 ||     2
